NYP
STATE COLLEGE SPIKES @ ROME BRAVES
05/07/2048
 
TOP OF THE 1ST
State College Spikes batting - Pitching for Rome Braves : RHP Walt Bunney
Pitching: RHP Walt Bunney
Batting: RHB Bobby Miles 0-0: Reached on error, E6 (Groundball, 6, EV 85.0 MPH)
Batting: SHB Steve Langlois 0-0: Called Strike
Bobby Miles steals 2nd base
0-1: Called Strike
0-2: Strikes out swinging
Batting: LHB Ken Morehead 0-0: Foul Ball, location: 2F
0-1: Swinging Strike
0-2: Strikes out looking
Batting: RHB Sam Daw 0-0: Ball
1-0: Called Strike
1-1: Fly out, F9 (Line Drive, 9LM, EV 95.0 MPH)
Top of the 1st over - 0 runs, 0 hits, 1 error, 1 left on base; State College 0 - Rome 0
BOTTOM OF THE 1ST
Rome Braves batting - Pitching for State College Spikes : RHP Steve Langlois
Pitching: RHP Steve Langlois
Batting: RHB Rafael Reyes 0-0: DOUBLE (Groundball, 5L, EV 106.9 MPH)
Batting: RHB Chris Trites 0-0: SINGLE (Groundball, 56D, EV 96.2 MPH) (infield hit)
Rafael Reyes to third
Batting: LHB Ricardo Sandoval 0-0: Ball
Chris Trites is caught stealing 2nd base 2-6
1-0: Ball
2-0: Called Strike
2-1: Swinging Strike
2-2: Strikes out swinging
Batting: LHB Tamaichi Sasada 0-0: Ball
1-0: Ball
2-0: Ball
3-0: Base on Balls
Batting: SHB Karl Starnes 0-0: Called Strike
0-1: Foul Ball, location: 2F
0-2: Foul Ball, location: 2F
0-2: Foul Ball, location: 2F
0-2: Ball
1-2: DOUBLE (Line Drive, 7LS, EV 108.8 MPH)
Rafael Reyes scores
Tamaichi Sasada to third
Batting: RHB Costantino Dolfini 0-0: Ball
1-0: Ball
2-0: Foul Ball, location: 2F
2-1: Ground out 4-3 (Groundball, 4, EV 86.9 MPH)
Bottom of the 1st over - 1 run, 3 hits, 0 errors, 2 left on base; State College 0 - Rome 1
TOP OF THE 2ND
State College Spikes batting - Pitching for Rome Braves : RHP Walt Bunney
Batting: RHB Tommy Tracy 0-0: Called Strike
0-1: Ball
1-1: SINGLE (Line Drive, 34D, EV 95.0 MPH)
Batting: LHB Billy Lang 0-0: Ball
1-0: Ball
2-0: Called Strike
2-1: Ball
3-1: Foul Ball, location: 2F
3-2: Strikes out swinging
Batting: RHB Alex Melgoza 0-0: Ball
1-0: Ball
2-0: Swinging Strike
2-1: Called Strike
2-2: Ball
3-2: Fielders Choice at 2nd, 5-4 (Groundball, 56S, EV 83.1 MPH)
Batting: SHB Justin Towry 0-0: Called Strike
0-1: Foul Ball, location: 2F
0-2: Fielders Choice at 2nd, 6-4 (Groundball, 6, EV 79.4 MPH)
Top of the 2nd over - 0 runs, 1 hit, 0 errors, 1 left on base; State College 0 - Rome 1
BOTTOM OF THE 2ND
Rome Braves batting - Pitching for State College Spikes : RHP Steve Langlois
Batting: RHB Dave Pizarro 0-0: Called Strike
0-1: Ball
1-1: Foul Ball, location: 2F
1-2: Foul Ball, location: 2F
1-2: Ball
2-2: Foul Ball, location: 2F
2-2: Ball
3-2: Base on Balls
Batting: RHB Tony Cabrera 0-0: Ball
Dave Pizarro steals 2nd base
1-0: Called Strike
1-1: TRIPLE (Groundball, 3L, EV 100.0 MPH)
Dave Pizarro scores
Batting: RHB Mike Bergin 0-0: Swinging Strike
0-1: Ball
Wild Pitch!
Tony Cabrera scores
1-1: Called Strike
1-2: Foul Ball, location: 2F
1-2: Strikes out looking
Batting: RHB Rafael Reyes 0-0: Foul Ball, location: 2F
0-1: Swinging Strike
0-2: Ball
1-2: Ball
2-2: Ball
3-2: Base on Balls
Batting: RHB Chris Trites 0-0: Ball
Rafael Reyes steals 2nd base
1-0: Called Strike
1-1: Ball
2-1: Foul Ball, location: 2F
2-2: Strikes out swinging
Batting: LHB Ricardo Sandoval 0-0: Foul Ball, location: 2F
0-1: TRIPLE (Groundball, 3D, EV 101.2 MPH)
Rafael Reyes scores
Batting: LHB Tamaichi Sasada 0-0: Called Strike
0-1: Fly out, F9 (Flyball, 9LS, EV 88.1 MPH)
Bottom of the 2nd over - 3 runs, 2 hits, 0 errors, 1 left on base; State College 0 - Rome 4
TOP OF THE 3RD
State College Spikes batting - Pitching for Rome Braves : RHP Walt Bunney
Batting: RHB Herbert Loveless 0-0: Called Strike
0-1: Foul Ball, location: 2F
0-2: Strikes out swinging
Batting: RHB Bobby Miles 0-0: Swinging Strike
0-1: Ball
1-1: Ball
2-1: Fly out, F8 (Flyball, 8RD, EV 85.0 MPH)
Batting: SHB Steve Langlois 0-0: Called Strike
0-1: Swinging Strike
0-2: Foul Ball, location: 2F
0-2: Ball
1-2: Ball
2-2: Foul Ball, location: 2F
2-2: Ball
3-2: Fly out, F3 (Line Drive, 3L, EV 69.4 MPH)
Top of the 3rd over - 0 runs, 0 hits, 0 errors, 0 left on base; State College 0 - Rome 4
BOTTOM OF THE 3RD
Rome Braves batting - Pitching for State College Spikes : RHP Steve Langlois
Batting: SHB Karl Starnes 0-0: Called Strike
0-1: Ball
1-1: SINGLE (Groundball, 6, EV 95.0 MPH)
Batting: RHB Costantino Dolfini 0-0: Ball
1-0: Foul Ball, location: 2F
1-1: Ball
2-1: Ball
3-1: 2-RUN HOME RUN (Line Drive, 7D, EV 97.5 MPH), Distance : 374 ft
Pitching: LHP Jake Hall
Batting: RHB Dave Pizarro 0-0: Ball
1-0: Fly out, F7 (Flyball, 78M, EV 80.0 MPH)
Batting: RHB Tony Cabrera 0-0: Called Strike
0-1: Foul Ball, location: 2F
0-2: Ball
1-2: Strikes out swinging, 2-3 out at first.
Batting: RHB Mike Bergin 0-0: Fly out, F8 (Flyball, 8LD, EV 95.6 MPH)
Bottom of the 3rd over - 2 runs, 2 hits, 0 errors, 0 left on base; State College 0 - Rome 6
TOP OF THE 4TH
State College Spikes batting - Pitching for Rome Braves : RHP Walt Bunney
Batting: LHB Ken Morehead 0-0: Foul Ball, location: 2F
0-1: Foul Ball, location: 2F
0-2: Ball
1-2: Foul Ball, location: 2F
1-2: Ball
2-2: Foul Ball, location: 2F
2-2: Ground out U3 (Groundball, 3, EV 86.2 MPH)
Batting: RHB Sam Daw 0-0: Foul Ball, location: 2F
0-1: Swinging Strike
0-2: Ball
1-2: Ground out 6-3 (Groundball, 6, EV 84.4 MPH)
Batting: RHB Tommy Tracy 0-0: Ball
1-0: Foul Ball, location: 2F
1-1: Ball
2-1: Ground out 6-3 (Groundball, 6M, EV 83.1 MPH)
Top of the 4th over - 0 runs, 0 hits, 0 errors, 0 left on base; State College 0 - Rome 6
BOTTOM OF THE 4TH
Rome Braves batting - Pitching for State College Spikes : LHP Jake Hall
Batting: RHB Rafael Reyes 0-0: Foul Ball, location: 2F
0-1: Ball
1-1: Fly out, F8 (Line Drive, 8RD, EV 89.4 MPH)
Batting: RHB Chris Trites 0-0: Called Strike
0-1: Ball
1-1: Ball
2-1: Foul Ball, location: 2F
2-2: Foul Ball, location: 2F
2-2: Foul Ball, location: 2F
2-2: Ball
3-2: Base on Balls
Batting: LHB Ricardo Sandoval 0-0: Ball
1-0: Ball
2-0: Called Strike
2-1: Swinging Strike
2-2: Strikes out swinging
Batting: LHB Tamaichi Sasada 0-0: Ball
1-0: Called Strike
1-1: Called Strike
1-2: Ground out 4-3 (Groundball, 34, EV 84.4 MPH)
Bottom of the 4th over - 0 runs, 0 hits, 0 errors, 1 left on base; State College 0 - Rome 6
TOP OF THE 5TH
State College Spikes batting - Pitching for Rome Braves : RHP Walt Bunney
Batting: LHB Billy Lang 0-0: Ground out 6-3 (Groundball, 6, EV 83.1 MPH)
Batting: RHB Alex Melgoza 0-0: Ball
1-0: Ball
2-0: Ball
3-0: Base on Balls
Batting: SHB Justin Towry 0-0: Called Strike
0-1: Ball
1-1: Swinging Strike
1-2: SINGLE (Groundball, 23, EV 69.4 MPH) (infield hit)
Alex Melgoza to second
Batting: RHB Herbert Loveless 0-0: Called Strike
0-1: Ball
1-1: Foul Ball, location: 2F
1-2: Strikes out swinging
Batting: RHB Bobby Miles 0-0: Ball
1-0: Foul Ball, location: 2F
1-1: Called Strike
1-2: Fielders Choice at 2nd, 5-4 (Groundball, 56, EV 102.5 MPH)
Top of the 5th over - 0 runs, 1 hit, 0 errors, 2 left on base; State College 0 - Rome 6
BOTTOM OF THE 5TH
Rome Braves batting - Pitching for State College Spikes : LHP Jake Hall
Batting: SHB Karl Starnes 0-0: Ball
1-0: Called Strike
1-1: Ball
2-1: Called Strike
2-2: Fly out, F9 (Flyball, 9LS, EV 82.5 MPH)
Batting: RHB Costantino Dolfini 0-0: Ball
1-0: Called Strike
1-1: Ball
2-1: Ball
3-1: Foul Ball, location: 2F
3-2: Strikes out looking
Batting: RHB Dave Pizarro 0-0: Called Strike
0-1: TRIPLE (Line Drive, 78XD, EV 105.0 MPH)
Batting: RHB Tony Cabrera 0-0: Ground out 6-3 (Groundball, 6, EV 80.6 MPH)
Bottom of the 5th over - 0 runs, 1 hit, 0 errors, 1 left on base; State College 0 - Rome 6
TOP OF THE 6TH
State College Spikes batting - Pitching for Rome Braves : RHP Walt Bunney
Batting: SHB Steve Langlois 0-0: Ground out 2-3 (Groundball, 15S, EV 75.0 MPH)
Batting: LHB Ken Morehead 0-0: Ground out 4-3 (Groundball, 4, EV 101.2 MPH)
Batting: RHB Sam Daw 0-0: Swinging Strike
0-1: Ball
1-1: Swinging Strike
1-2: Ball
2-2: Strikes out looking
Top of the 6th over - 0 runs, 0 hits, 0 errors, 0 left on base; State College 0 - Rome 6
BOTTOM OF THE 6TH
Rome Braves batting - Pitching for State College Spikes : LHP Jake Hall
Batting: RHB Mike Bergin 0-0: Ball
1-0: Swinging Strike
1-1: Foul Ball, location: 2F
1-2: Ground out 6-3 (Groundball, 6, EV 82.5 MPH)
Batting: RHB Rafael Reyes 0-0: Called Strike
0-1: Foul Ball, location: 2F
0-2: Ball
1-2: Foul Ball, location: 2F
1-2: Ball
2-2: SOLO HOME RUN (Line Drive, 89XD, EV 99.4 MPH), Distance : 402 ft
Batting: RHB Chris Trites 0-0: Ball
1-0: Called Strike
1-1: Fly out, F4 (Popup, 23, EV 84.4 MPH)
Batting: LHB Ricardo Sandoval 0-0: Ball
1-0: Hit by Pitch
Batting: LHB Tamaichi Sasada 0-0: Called Strike
Ricardo Sandoval is caught stealing 2nd base 2-6
Bottom of the 6th over - 1 run, 1 hit, 0 errors, 0 left on base; State College 0 - Rome 7
TOP OF THE 7TH
State College Spikes batting - Pitching for Rome Braves : RHP Walt Bunney
Batting: RHB Tommy Tracy 0-0: Swinging Strike
0-1: Foul Ball, location: 2F
0-2: Ball
1-2: Ball
2-2: Foul Ball, location: 2F
2-2: Strikes out swinging
Batting: LHB Billy Lang 0-0: Ball
1-0: Called Strike
1-1: Foul Ball, location: 2F
1-2: SOLO HOME RUN (Flyball, 9D, EV 96.2 MPH), Distance : 377 ft
Batting: RHB Alex Melgoza 0-0: Called Strike
0-1: Ball
1-1: Ball
2-1: Foul Ball, location: 2F
2-2: Foul Ball, location: 2F
2-2: Foul Ball, location: 2F
2-2: Foul Ball, location: 2F
2-2: Foul Ball, location: 2F
2-2: Ball
3-2: Fly out, F9 (Flyball, 89M, EV 90.0 MPH)
Batting: SHB Justin Towry 0-0: Ball
1-0: Swinging Strike
1-1: Called Strike
1-2: Ball
2-2: Ball
3-2: Strikes out swinging
Top of the 7th over - 1 run, 1 hit, 0 errors, 0 left on base; State College 1 - Rome 7
BOTTOM OF THE 7TH
Rome Braves batting - Pitching for State College Spikes : LHP Jake Hall
Batting: LHB Tamaichi Sasada 0-0: Called Strike
0-1: Ball
1-1: Foul Ball, location: 2F
1-2: Foul Ball, location: 2F
1-2: Ball
2-2: Foul Ball, location: 2F
2-2: Ball
3-2: Strikes out looking
Pitching: RHP Josh Deyo
Batting: SHB Karl Starnes 0-0: Called Strike
0-1: Ball
1-1: Called Strike
1-2: Strikes out swinging
Batting: RHB Costantino Dolfini 0-0: Fly out, F7 (Line Drive, 7, EV 103.1 MPH)
Bottom of the 7th over - 0 runs, 0 hits, 0 errors, 0 left on base; State College 1 - Rome 7
TOP OF THE 8TH
State College Spikes batting - Pitching for Rome Braves : RHP Walt Bunney
Pitching: RHP Andy Britton
Batting: RHB Herbert Loveless 0-0: Ball
1-0: Ball
2-0: Called Strike
2-1: Swinging Strike
2-2: Strikes out swinging
Pitching: LHP Gonnohyoe Hata
Batting: RHB Bobby Miles 0-0: Ball
1-0: Ball
2-0: Ball
3-0: Base on Balls
Batting: SHB Steve Langlois 0-0: Called Strike
0-1: Foul Ball, location: 2F
0-2: Fly out, F7 (Flyball, 78S, EV 78.8 MPH)
Batting: LHB Ken Morehead 0-0: Ball
1-0: Swinging Strike
1-1: Ball
2-1: Called Strike
2-2: Strikes out looking
Top of the 8th over - 0 runs, 0 hits, 0 errors, 1 left on base; State College 1 - Rome 7
BOTTOM OF THE 8TH
Rome Braves batting - Pitching for State College Spikes : RHP Josh Deyo
Batting: RHB Dave Pizarro 0-0: Ball
1-0: Ball
2-0: Ball
3-0: Base on Balls
Batting: RHB Tony Cabrera 0-0: Ball
Dave Pizarro steals 2nd base
1-0: Ball
2-0: Foul Ball, location: 2F
2-1: SINGLE (Groundball, 6MS, EV 68.8 MPH) (infield hit)
Dave Pizarro to third
Batting: RHB Mike Bergin 0-0: Ball
1-0: Ball
2-0: Called Strike
2-1: Called Strike
2-2: Fielders Choice at 2nd, 4-6 (Groundball, 34, EV 89.4 MPH)
Dave Pizarro scores
Batting: RHB Rafael Reyes 0-0: Ball
1-0: Ball
2-0: Swinging Strike
2-1: Foul Ball, location: 2F
2-2: Foul Ball, location: 2F
2-2: Ball
3-2: Foul Ball, location: 2F
3-2: Strikes out swinging
Batting: RHB Chris Trites 0-0: Ball
1-0: Foul Ball, location: 2F
1-1: Ball
2-1: Foul Ball, location: 2F
2-2: Ball
3-2: Strikes out swinging
Bottom of the 8th over - 1 run, 1 hit, 0 errors, 1 left on base; State College 1 - Rome 8
TOP OF THE 9TH
State College Spikes batting - Pitching for Rome Braves : LHP Gonnohyoe Hata
Batting: RHB Sam Daw 0-0: Ball
1-0: Ball
2-0: Ball
3-0: Called Strike
3-1: Foul Ball, location: 2F
3-2: Foul Ball, location: 2F
3-2: DOUBLE (Groundball, 3L, EV 108.8 MPH)
Batting: RHB Tommy Tracy 0-0: Fly out, F9 (Flyball, 9S, EV 86.9 MPH)
Batting: LHB Billy Lang 0-0: Called Strike
0-1: Swinging Strike
0-2: Ball
1-2: Ball
2-2: Strikes out looking
Batting: RHB Alex Melgoza 0-0: Ball
1-0: Called Strike
1-1: Hit by Pitch
Pitching: RHP Bobby Feig
Pinch Runner at 1st Richard Riggs:
Batting: SHB Justin Towry 0-0: Called Strike
0-1: Ball
1-1: Ball
2-1: Foul Ball, location: 2F
2-2: Strikes out swinging
Top of the 9th over - 0 runs, 1 hit, 0 errors, 2 left on base; State College 1 - Rome 8
Tuesday, March 28th , 2023 - OOTP Baseball 23.10 Build 110